 Dungeon Crawl Stone Soup version 0.26.1-16-g4e020e15dc (webtiles) character file.

Game seed: 17692827594922429857

43351 tkbsonic5 the Slicer (level 14, -2/87 HPs)
             Began as a Halfling Brigand on Jan 21, 2023.
             Was the Champion of Hepliaklqana.
             Slain by a seven-headed hydra (14 damage)
             ... on level 5 of the Lair of Beasts on Jan 22, 2023.
             The game lasted 01:35:23 (17499 turns).

tkbsonic5 the Slicer (Halfling Brigand)            Turns: 17499, Time: 01:35:24

Health: -2/87      AC: 16    Str: 21    XL:     14   Next: 60%
Magic:  21/21      EV: 18    Int:  9    God:    Hepliaklqana [******]
Gold:   298        SH:  0    Dex: 18    Spells: 13/13 levels left

rFire    + . .     SeeInvis +   O - +9 quick blade (vorpal)
rCold    + . .     Faith    +   P - +0 kite shield
rNeg     . . .     Spirit   .   n - +4 scale mail
rPois    +         Reflect  .   Q - +1 hat {SInv}
rElec    +         Harm     .   R - +2 cloak
rCorr    +         Rampage  .   H - +0 pair of gloves
Will     +....                  w - +0 pair of boots
Stlth    +++++.....             x - amulet of faith
HPRegen  0.24/turn              I - +6 ring of strength
MPRegen  0.17/turn              G - ring of stealth

@: resistant, sleeping
A: small, reduced essence, mutation resistance 1
a: Renounce Religion, Recall Ancestor, Ancestor Identity, Transference, Idealise


You were on level 5 of the Lair of Beasts.
You worshipped Hepliaklqana.
Hepliaklqana was exalted by your worship.
You visited 2 branches of the dungeon, and saw 19 of its levels.
You visited the Abyss 1 time.

You collected 1481 gold pieces.
You spent 1183 gold pieces at shops.

Inventory:

Hand Weapons
 a - a +2 short sword of venom
 r - a +3 hunting sling
 D - a +0 dagger of venom
 O - a +9 vorpal quick blade (weapon)
Missiles
 f - 150 bolts
 k - 53 poisoned darts (quivered)
 p - 172 sling bullets
 K - 6 atropa-tipped darts
Armour
 h - a +0 buckler
 m - a +3 ring mail of positive energy
 n - a +4 scale mail (worn)
 w - a +0 pair of boots (worn)
 y - a +2 hat
 H - a +0 pair of gloves (worn)
 P - a +0 kite shield (worn)
 Q - a +1 hat of see invisible (worn)
 R - a +2 cloak (worn)
 Y - a +0 troll leather armour
Jewellery
 e - an uncursed ring of see invisible
 i - an uncursed ring of ice
 v - an uncursed ring of resist corrosion
 x - an amulet of faith (around neck)
 B - an uncursed amulet of the acrobat
 C - an uncursed ring of wizardry
 G - a ring of stealth (right hand)
 I - a +6 ring of strength (left hand)
 S - an uncursed ring of willpower {unknown}
Wands
 g - a wand of digging (10)
 q - a wand of random effects (4)
 t - a wand of polymorph (8)
 J - a wand of flame (15)
Scrolls
 b - 3 scrolls of identify
 j - 3 scrolls of magic mapping
 o - 6 scrolls of remove curse
 s - 7 scrolls of teleportation
 L - a scroll of torment {unknown}
Potions
 l - 5 potions of flight
 u - 4 potions of brilliance
 z - 6 potions of ambrosia
 A - a potion of magic
 E - 3 potions of curing
 M - 3 potions of cancellation
 T - 2 potions of mutation
Miscellaneous
 d - a phial of floods (inert)


   Skills:
 * Level 9.0 Fighting
 * Level 11.4 Short Blades
 - Level 7.2(9.7) Slings
 + Level 7.2(7.9) Throwing
 + Level 2.2 Armour
 * Level 9.9 Dodging
 * Level 11.1 Stealth
 * Level 9.3 Shields
 * Level 9.6 Invocations
 + Level 6.8 Evocations


You had 13 spell levels left.
You didn't know any spells.
Your spell library contained the following spells:

 Spells                   Type           Power        Failure   Level
 Corona                   Hex            0%           97%         1
 Slow                     Hex            0%           99%         2
 Inner Flame              Hex/Fire       0%           100%        3
 Portal Projectile        Hex/Tloc       0%           100%        3
 Animate Dead             Necr           0%           100%        4
 Cause Fear               Hex            0%           100%        4
 Hailstorm                Conj/Ice       0%           100%        4
 Leda's Liquefaction      Hex/Erth       0%           100%        4
 Summon Ice Beast         Ice/Summ       0%           100%        4
 Bolt of Magma            Conj/Fire/Erth 0%           100%        5
 Borgnjor's Vile Clutch   Necr/Erth      0%           100%        5
 Iskenderun's Battlesphe  Conj           0%           100%        5
 Silence                  Hex/Air        0%           100%        5
 Yara's Violent Unravell  Hex/Tmut       0%           100%        5
 Death Channel            Necr           0%           100%        6
 Iron Shot                Conj/Erth      0%           100%        6
 Simulacrum               Ice/Necr       0%           100%        6
 Orb of Destruction       Conj           0%           100%        7
 Spellforged Servitor     Conj/Summ      0%           100%        7
 Discord                  Hex            0%           100%        8


Dungeon Overview and Level Annotations

Branches:
Dungeon (14/15)            Temple (0/1) D:7            Lair (5/6) D:10
 Shoals (0/4) Lair:2       Spider (0/4) Lair:2          Orc (0/2) D:12
  Slime: Lair:5-6    Vaults: D:13-14

Altars:
Cheibriados
Fedhas
Gozag
Hepliaklqana
Nemelex Xobeh
Xom
The Shining One

Shops:
D:4 }   D:8 }

Portals:
Abyss: D:8
Trove: D:13 (show abyssal rune of Zot)
Ossuary: D:4
Ice
Cave: D:14

Annotations:
D:3 1 runed translucent door, Crazy Yiuf
D:4 3 runed translucent doors, bnorton916's ghost, novice DECj
D:8 2 transporters, Ekaitz's ghost, novice NaWr
Lair:5 2 runed translucent doors, Hairutzoic's ghost, journeyman MiBe


Innate Abilities, Weirdness & Mutations

You are small and have problems with some larger weapons.
You are somewhat resistant to further mutation.
Your life essence is reduced to manifest your ancestor. (-10% HP)


Message History

The seven-headed hydra barely misses you.
You block the seven-headed hydra's attack.
The seven-headed hydra bites you. x2
The seven-headed hydra barely misses you.
The seven-headed hydra bites you!
You puncture the seven-headed hydra!
The seven-headed hydra is heavily wounded.
You barely miss the seven-headed hydra.
The seven-headed hydra is heavily wounded.
The seven-headed hydra closely misses you.
The seven-headed hydra bites you! x2; The seven-headed hydra bites you.
* * * LOW HITPOINT WARNING * * *
The seven-headed hydra bites you!
* * * LOW HITPOINT WARNING * * *
The seven-headed hydra closely misses you.
The seven-headed hydra bites you but does no damage.
The dream sheep shake their wool and sparkle.
You feel drowsy...
You fall asleep.
The seven-headed hydra bites you!
You die...

#
#P...##....###.......#...#
#.....##...........##...##
##.......#......###.....P##
#......YY##.+#.#....##...#
)
#..##..Y#Y#...##....#.####
. #....###.....##.....## §
#..P†.# #♣.>.♣###.....#
#........ #..D...###P..####
#........+##.♣@##.####....#
#........# ###.###..#...P.#
.......... #............#
+........#
....#............#
#.........
###.............##
###..........##
#...........P#
#............#
##..#P.P.##.##


You could see a seven-headed hydra and 3 dream sheep.

Vanquished Creatures
  Gastronok (D:8)
  Snorg (D:10)
  2 boulder beetles
  6 hydras
  An ogre mage (D:13)
  8 two-headed ogres
  Sonja (D:13)
  Pikel (D:4)
  An ugly thing (D:9)
  3 cyclopes
  A centaur zombie (D:10)
  2 black mambas
  Maurice (D:8)
  6 cane toads
  A centaur skeleton (D:12)
  6 komodo dragons
  A troll (D:13)
  A hornet (D:10)
  2 slime creatures
  4 polar bears
  15 blink frogs
  2 dream sheep (Lair:5)
  A tarantella (Lair:2)
  A wraith (D:11)
  40 yaks
  3 wyverns
  2 steam dragons
  A small abomination (Abyss:1)
  2 acid dragons (D:9)
  10 water moccasins
  3 sky beasts
  5 ice beasts
  2 necrophages
  6 orc warriors
  An eye of draining (D:9)
  A phantom (D:4)
  6 ogres
  10 wolves (Lair:2)
  2 centaurs
  2 big kobolds (D:10)
  20 bullfrogs
  A water moccasin zombie (D:6)
  A wyvern zombie (D:7)
  9 killer bees
  3 scorpions
  7 wights
  4 hounds
  A quasit (D:6)
  3 jellies (D:13)
  2 bullfrog zombies
  A bullfrog skeleton (D:12)
  5 orc priests
  12 orc wizards
  Jessica (D:2)
  Natasha (thrice) (D:2)
  Terence (D:3)
  4 iguanas
  9 worker ants
  4 hell rats (Lair:5)
  2 killer bee zombies
  A hound zombie (D:10)
  3 worker ant zombies
  9 gnolls
  10 adders
  A howler monkey skeleton (D:6)
  3 shadow imps
  4 white imps (D:9)
  3 ufetubi
  An ooze (D:3)
  2 adder zombies
  A worm (D:2)
  2 dart slugs
  5 leopard geckos
  42 orcs
  4 ball pythons
  2 giant cockroaches
  15 goblins
  9 hobgoblins
  9 jackals
  16 kobolds
  4 quokkas
  10 bats
  4 frilled lizards
  A leopard gecko skeleton (D:6)
  A quokka skeleton (D:4)
  A quokka zombie (D:9)
  6 rats
427 creatures vanquished.

Vanquished Creatures (collateral kills)
  A hydra (Lair:4)
  A polar bear (Lair:4)
  A blink frog (Lair:3)
  3 yaks
  A steam dragon (D:8)
  A water moccasin (Lair:1)
  An ice beast (D:7)
  A black bear (D:13)
  A sky beast (D:5)
  A wolf (Lair:2)
  An ogre (D:9)
  3 phantoms
  A bullfrog (Lair:4)
  A jelly (D:9)
  A hound (D:7)
  An orc wizard (D:11)
  Robin (D:4)
  A worker ant zombie (D:7)
  An adder (D:7)
  A gnoll (D:5)
  A leopard gecko (D:4)
  5 orcs
  4 goblins (D:4)
  A quokka (D:6)
  A kobold (D:10)
  A rat (D:3)
37 creatures vanquished.

Vanquished Creatures (others)
  9 hexers
  A hound skeleton (D:9)
  4 bushes (Lair:5)
  26 fungi
  15 plants
55 creatures vanquished.

Grand Total: 519 creatures vanquished

Notes
Turn   | Place    | Note
-------+----------+-------------------------------------------
     0 | D:1      | tkbsonic5 the Halfling Brigand began the quest for the Orb.
     0 | D:1      | Reached XP level 1. HP: 14/14 MP: 1/1
    92 | D:1      | Reached XP level 2. HP: 19/19 MP: 2/2
   203 | D:1      | Reached skill level 1 in Slings
   380 | D:1      | Reached XP level 3. HP: 24/24 MP: 3/3
   710 | D:2      | Reached XP level 4. HP: 29/29 MP: 4/4
   774 | D:2      | Noticed Jessica
   777 | D:2      | Killed Jessica
   831 | D:2      | Noticed Natasha
   838 | D:2      | Killed Natasha
   839 | D:2      | Reached skill level 5 in Stealth
   839 | D:2      | Reached XP level 5. HP: 35/35 MP: 5/5
   881 | D:2      | Noticed a necrophage
   895 | D:2      | Killed a necrophage
   896 | D:2      | Reached XP level 6. HP: 37/41 MP: 6/6
   992 | D:2      | Noticed Natasha
  1003 | D:2      | Killed Natasha
  1455 | D:2      | Found a hazy altar of Hepliaklqana.
  1495 | D:2      | Noticed Natasha
  1505 | D:2      | Killed Natasha
  1862 | D:2      | Became a worshipper of Hepliaklqana the Forgotten
  2065 | D:3      | Noticed Terence
  2200 | D:3      | Killed Terence
  2241 | D:3      | Cast into level 1 of the Abyss (unwielding a weapon of
                  | distortion)
  2292 | Abyss:1  | Noticed a spatial vortex
  2294 | Abyss:1  | Reached * piety under Hepliaklqana
  2295 | Abyss:1  | Noticed a small abomination
  2306 | Abyss:1  | Noticed a spatial vortex
  2311 | Abyss:1  | Killed a small abomination
  2312 | Abyss:1  | Reached XP level 7. HP: 16/41 MP: 7/7
  2316 | D:3      | Escaped the Abyss
  2933 | D:3      | Found a runed translucent door.
  2934 | D:3      | Noticed Crazy Yiuf
  2957 | D:3      | Reached skill level 1 in Invocations
  3318 | D:4      | Found a sand-covered staircase.
  3356 | D:4      | Found a shimmering altar of Xom.
  3381 | D:4      | Noticed Pikel
  3518 | D:4      | Killed Pikel
  3519 | D:4      | Reached skill level 5 in Short Blades
  3519 | D:4      | Reached XP level 8. HP: 48/48 MP: 7/9
  3551 | D:4      | Noticed Robin
  3559 | D:4      | Killed Robin
  3596 | D:4      | Found Oreklu Odoch's Gadget Shoppe.
  3607 | D:4      | Bought a wand of disintegration (10) for 182 gold pieces
  3657 | D:4      | Found a runed translucent gate.
  3657 | D:4      | Found a runed translucent gate.
  3657 | D:4      | Found a runed translucent gate.
  3789 | D:4      | Noticed bnorton916's ghost (novice DECj)
  3997 | D:5      | Entered Level 5 of the Dungeon
  4132 | D:5      | Reached ** piety under Hepliaklqana
  4133 | D:5      | Remembered your ancestor Sestia as a hexer
  4514 | D:5      | Found a glowing golden altar of the Shining One.
  4777 | D:6      | Reached XP level 9. HP: 51/53 MP: 9/11
  4878 | D:6      | Found an opulent altar of Gozag.
  4888 | D:6      | Reached skill level 1 in Shields
  4888 | D:6      | Reached skill level 1 in Evocations
  4901 | D:6      | Reached *** piety under Hepliaklqana
  4970 | D:6      | Reached skill level 5 in Slings
  5874 | D:7      | Reached skill level 5 in Fighting
  6116 | D:7      | Found a staircase to the Ecumenical Temple.
  6382 | D:8      | Got an ichor-stained flail
  6383 | D:8      | Identified a scroll of acquirement
  6383 | D:8      | Acquired a +6 quick blade
  6524 | D:8      | Found a snail-covered altar of Cheibriados.
  6642 | D:8      | Noticed a two-headed ogre
  6654 | D:8      | Killed a two-headed ogre
  6655 | D:8      | Reached skill level 5 in Dodging
  6655 | D:8      | Reached XP level 10. HP: 59/59 MP: 13/13
  6726 | D:8      | Found Netiaf's Gadget Shop.
  6734 | D:8      | Bought a wand of iceblast (11) for 210 gold pieces
  6734 | D:8      | Bought a wand of paralysis (6) for 112 gold pieces
  6927 | D:8      | Reached skill level 5 in Throwing
  6932 | D:8      | Reached **** piety under Hepliaklqana
  6932 | D:8      | Noticed Gastronok
  6952 | D:8      | Killed Gastronok
  6953 | D:8      | Reached skill level 5 in Invocations
  7021 | D:8      | Found a transporter.
  7036 | D:8      | Found a one-way gate to the infinite horrors of the Abyss.
  7036 | D:8      | Noticed Ekaitz's ghost (novice NaWr)
  7052 | D:8      | Found a transporter.
  7153 | D:8      | Noticed Maurice
  7159 | D:8      | Killed Maurice
  7160 | D:8      | Reached XP level 11. HP: 64/64 MP: 15/15
  7436 | D:9      | Reached skill level 5 in Shields
  7460 | D:9      | Noticed a two-headed ogre
  7504 | D:9      | Killed a two-headed ogre
  8139 | D:9      | Identified the +2 flail "Embalmer" {drain, Will+ Str+4}
                  | (You found it on level 8 of the Dungeon)
  8172 | D:9      | Found a blossoming altar of Fedhas.
  8199 | D:9      | Noticed a green ugly thing
  8233 | D:9      | Killed a green ugly thing
  8782 | D:9      | Noticed a seven-headed hydra
  8972 | D:10     | Entered Level 10 of the Dungeon
  9136 | D:10     | Found a sparkling altar of Nemelex Xobeh.
  9608 | D:10     | Found a staircase to the Lair.
  9635 | D:10     | Noticed Snorg
  9904 | D:10     | Killed Snorg
  9905 | D:10     | Reached XP level 12. HP: 45/72 MP: 15/17
 10641 | D:11     | You fall into a shaft and drop 3 floors!
 10676 | D:14     | Found a frozen archway.
 10678 | D:14     | Noticed an ice dragon
 10807 | D:13     | Found a portal to a secret trove of treasure.
 10822 | D:13     | Reached ***** piety under Hepliaklqana
 10901 | D:13     | Noticed a two-headed ogre
 10904 | D:13     | Killed a two-headed ogre
 10916 | D:13     | Noticed an ogre mage
 10916 | D:13     | Noticed a two-headed ogre
 10916 | D:13     | Noticed a two-headed ogre
 10916 | D:13     | Noticed a two-headed ogre
 10916 | D:13     | Noticed a two-headed ogre
 10927 | D:13     | Killed a two-headed ogre
 10936 | D:13     | Killed a two-headed ogre
 10945 | D:13     | Killed an ogre mage
 10946 | D:13     | Noticed a two-headed ogre
 10952 | D:13     | Killed a two-headed ogre
 10961 | D:13     | Killed a two-headed ogre
 10962 | D:13     | Reached skill level 5 in Evocations
 10965 | D:13     | Killed a two-headed ogre
 11188 | D:13     | Noticed Sonja
 11220 | D:13     | Killed Sonja
 11651 | D:12     | Reached XP level 13. HP: 77/78 MP: 18/18
 11727 | D:12     | Found a staircase to the Orcish Mines.
 11881 | D:11     | Reached skill level 10 in Short Blades
 12353 | Lair:1   | Entered Level 1 of the Lair of Beasts
 12667 | Lair:1   | Noticed a four-headed hydra
 12678 | Lair:1   | Killed a four-headed hydra
 12767 | Lair:1   | Reached skill level 10 in Stealth
 13336 | Lair:2   | Found a staircase to the Shoals.
 13724 | Lair:2   | Found a hole to the Spider Nest.
 14153 | Lair:3   | Noticed a five-headed hydra
 14187 | Lair:3   | Killed a five-headed hydra
 14597 | Lair:3   | Noticed a boulder beetle
 14610 | Lair:3   | Killed a boulder beetle
 14611 | Lair:3   | Reached XP level 14. HP: 61/85 MP: 20/20
 14923 | Lair:3   | Identified the Incunabulum of the Blacksmith
 15409 | Lair:3   | Reached skill level 1 in Armour
 15607 | D:8      | Bought a phial of floods for 560 gold pieces
 15607 | D:8      | Bought a wand of flame (15) for 119 gold pieces
 15767 | Lair:4   | Got a faintly glowing wooden ring
 15781 | Lair:4   | Identified the cursed ring "Yxukled" {rC++ EV-4} (You found
                  | it on level 4 of the Lair of Beasts)
 15804 | Lair:4   | Reached ****** piety under Hepliaklqana
 16670 | Lair:5   | Found a large runed translucent door.
 16671 | Lair:5   | Found a large runed translucent door.
 16680 | Lair:5   | Noticed Hairutzoic's ghost (journeyman MiBe)
 17499 | Lair:5   | Slain by a seven-headed hydra

Illustrated notes

Levels and vault maps discovered:
D:1:      saegor_arrival_simple_a, layout_rooms, serial_curves, eino_curves_02,
          eino_curves_04
D:2:      layout_basic, nzn_hepliaklqana_mist_gate,
          nicolae_overflow_hidden_temple, kennysheep_generic_room_8,
          uniq_jessica, uniq_natasha
D:3:      layout_basic, uniq_terence, uniq_crazy_yiuf_cottage
D:4:      layout_rooms, gammafunk_ghost_icy, serial_shops, shop,
          lightli_ossuary_entry_decrepit_ruins, xom_teletrap_fun, uniq_robin,
          uniq_pikel
D:5:      layout_cave_pools, nicolae_tso_swordbearing_angel,
          chequers_serial_rivers_micro_d, minmay_misc_feat_five
D:6:      layout_cave_pools, kennysheep_little_box, minivault_23
D:7:      layout_loops_ring, minmay_temple_entry_slanted, grunt_ministairs_6
D:8:      kennysheep_steamy, layout_loops_ring, lemuel_crystal_altar,
          serial_shops, shop, gammafunk_ghost_abyssal_escape, uniq_gastronok,
          uniq_maurice
D:9:      minmay_the_grid_octo_tiled_octocenter [minmay_the_grid_octo_checkered,
          minmay_the_grid_octo_focus, minmay_the_grid_octo_odd_swirl,
          minmay_the_grid_octo_fat_diamond,
          minmay_the_grid_octo_prize_ultimate_mussel_roller,
          minmay_the_grid_square_5x5_fat_x,
          minmay_the_grid_square_5x5_minivault,
          minmay_the_grid_square_5x5_inset,
          minmay_the_grid_square_5x5_two_walls_b], layout_irregular_city,
          old_standard_altar
D:10:     layout_basic, lair_entry_dummy, nemelex_xobeh_ov_fountains_minmay,
          uniq_snorg
D:11:     layout_gridville, corexii_leaking_fountain
D:12:     layout_cross, david_orc_2
D:13:     layout_basic, enter_trove_0, jiyva_altar_1, uniq_sonja
D:14:     layout_small_grid, skrybe_vaults_entry_preservation,
          portal_ice_cave_entry_animals_and_master, pf_eden
Lair:1:   layout_roguey
Lair:2:   layout_hall_layers, elwin_shoals_entry_rocks,
          spider_nest_entry_rubble, grunt_megastairs_5
Lair:3:   layout_long_grid
Lair:4:   layout_hall_layers, st_stairs_13, cheibrodos_lair_lostbears
Lair:5:   layout_roguey, ebering_ghost_disaster_area, minivault_24,
          grunt_megastairs_2

Skill      XL: |  1  2  3  4  5  6  7  8  9 10 11 12 13 14 |
---------------+-------------------------------------------+-----
Slings         | 1 2 3 4 5 6 7 |  7.2
Fighting       | 2 3 4 5 6 7 8 9 |  9.0
Short Blades   | 3 4 5 7 9 10 11 | 11.4
Stealth        | 5 6 7 8 9 10 11 | 11.1
Throwing       | 3 4 5 6 7 |  7.2
Invocations    | 2 4 5 6 7 9 |  9.6
Dodging        | 3 5 6 7 8 9 |  9.9
Shields        | 3 4 6 7 8 9 |  9.3
Evocations     | 2 3 4 5 6 |  6.8
Armour         | 2 |  2.2

Action                   |  1- 3 |  4- 6 |  7- 9 | 10-12 | 13-15 || total
-------------------------+-------+-------+-------+-------+-------++-------
Melee: Dagger            |    32 |    21 |     7 |       |       ||    60
       Short sword       |       |    52 |   210 |       |       ||   262
       Quick blade       |       |       |    29 |   454 |   654 ||  1137
 Fire: Hunting sling     |       |       |    49 |       |       ||    49
Throw: Dart              |    52 |    33 |    34 |    47 |   103 ||   269
Invok: Recall Ancestor   |       |     2 |     1 |     7 |     2 ||    12
       Ancestor Identity |       |     2 |       |       |       ||     2
       Ancestor Life: He |       |       |     1 |       |       ||     1
       Idealise          |       |       |       |     3 |     1 ||     4
Evoke: Wand              |       |       |    36 |    42 |    40 ||   118
       Phial of floods   |       |       |       |       |     1 ||     1
  Use: Scroll            |       |    13 |    15 |    21 |    10 ||    59
       Potion            |       |     3 |       |    14 |    15 ||    32
 Stab: Sleeping          |     1 |     8 |     5 |    19 |    14 ||    47
       Invisible         |       |     1 |       |       |     7 ||     8
       Confused          |       |       |     7 |     8 |     6 ||    21
       Distracted        |       |       |     1 |     3 |     9 ||    13
       Paralysed         |       |       |       |     4 |     1 ||     5
Armor: Robe              |     7 |    10 |     2 |       |       ||    19
       Ring mail         |       |       |    56 |    51 |     5 ||   112
       Skin              |       |       |       |     4 |     2 ||     6
       Troll leather arm |       |       |       |       |    11 ||    11
       Scale mail        |       |       |       |       |    36 ||    36
Dodge: Dodged            |    32 |    35 |   113 |   151 |   179 ||   510
Block: Buckler           |       |       |    23 |    71 |    79 ||   173
       Kite shield       |       |       |       |       |    37 ||    37
